 Dungeon Crawl Stone Soup version 0.23.2-30-g0e89c35 (webtiles) character file.

Game seed: 15008520304249639022

47 thratch the Firebug (level 3, 0/31 HPs)
             Began as an Ogre Fire Elementalist on June 23, 2019.
             Slain by Robin
             ... wielding a +0 club
              (3 damage)
             ... on level 2 of the Dungeon.
             The game lasted 00:12:02 (944 turns).

thratch the Firebug (Ogre Fire Elementalist)         Turns: 944, Time: 00:12:03

Health: 0/31       AC:  3    Str: 12    XL:     3   Next: 70%
Magic:  0/7        EV: 10    Int: 17    God:
Gold:   26         SH:  0    Dex:  9    Spells: 7/8 levels left

rFire    . . .     SeeInvis .   a - +3 dagger
rCold    . . .     Gourm    .   (no shield)
rNeg     . . .     Faith    .   k - +0 robe
rPois    .         Spirit   .   (helmet restricted)
rElec    .         Reflect  .   (no cloak)
rCorr    .         Harm     .   (gloves unavailable)
MR       .....                  (boots unavailable)
Stlth    ++........             (no amulet)
HPRegen  0.10/turn              (no ring)
MPRegen  0.10/turn              (no ring)

@: no status effects
A: large, unfitting armour, tough skin 1
a: no special abilities


You were on level 2 of the Dungeon.
You were not hungry.

You visited 1 branch of the dungeon, and saw 2 of its levels.

You collected 26 gold pieces.

Inventory:

Hand Weapons
 a - a +3 dagger (weapon)
 e - a +0 dagger
Armour
 k - a +0 robe (worn)
Scrolls
 f - a scroll of teleportation
 g - a scroll of enchant weapon {unknown}
 j - a scroll of magic mapping {unknown}
Potions
 b - a potion of haste {unknown}
 d - a potion of might {unknown}
Comestibles
 c - 5 rations


   Skills:
 + Level 1.9 Dodging
 + Level 1.6 Stealth
 + Level 3.1 Spellcasting
 + Level 1.0 Conjurations
 + Level 3.4 Fire Magic


You had 7 spell levels left.
You knew the following spells:

 Your Spells              Type           Power        Failure   Level  Hunger
a - Flame Tongue          Conj/Fire      ##...        7%          1    None

Your spell library contained the following spells:

 Spells                   Type           Power        Failure   Level  Hunger
 Throw Flame              Conj/Fire      ##....       10%         2    ##.....
 Conjure Flame            Conj/Fire      ##......     21%         3    ###....
 Inner Flame              Hex/Fire       #.......     26%         3    ###....
 Sticky Flame             Conj/Fire      ##......     54%         4    ####...
 Fireball                 Conj/Fire      ##........   88%         5    ######.


Dungeon Overview and Level Annotations

Branches:
Dungeon (2/15)

Altars:
Uskayaw

Annotations:
D:2 Robin


Innate Abilities, Weirdness & Mutations

You are too large for most types of armour.
You have tough skin. (AC +1)


Message History

The flame tongue hits Robin.
Robin is heavily wounded.
Robin completely misses you.
Casting: Flame Tongue (safe; 7% risk of failure)
Confirm with . or Enter, or press ? or * to list all spells.
Aiming: Flame Tongue (safe; 7% risk of failure)
Press: ? - help, Shift-Dir - straight line, f/p - Robin
Aim: Robin, wielding a +0 club, wearing a +0 animal skin, wearing a +0 helmet and carrying a wand of random effects (14) (heavily wounded)
The flame tongue hits Robin but does no damage.
Robin is heavily wounded.
Robin barely misses you.
Casting: Flame Tongue (safe; 7% risk of failure)
Confirm with . or Enter, or press ? or * to list all spells.
Aiming: Flame Tongue (safe; 7% risk of failure)
Press: ? - help, Shift-Dir - straight line, f/p - Robin
Aim: Robin, wielding a +0 club, wearing a +0 animal skin, wearing a +0 helmet and carrying a wand of random effects (14) (heavily wounded)
The flame tongue hits Robin.
Robin is severely wounded.
Robin hits you with a +0 club.
You die... ######################## ....$..@g............... ########################

You could see Robin.

Vanquished Creatures
  A gnoll (D:1)
  An ooze (D:1)
  2 dart slugs (D:1)
  A ball python (D:1)
  2 bats
  9 goblins
  A hobgoblin (D:1)
  3 jackals (D:2)
  A frilled lizard (D:1)
  A kobold (D:2)
  6 rats
28 creatures vanquished.

Notes
Turn   | Place    | Note
-------+----------+-------------------------------------------
     0 | D:1      | thratch the Ogre Fire Elementalist began the quest for the
                  | Orb.
     0 | D:1      | Reached XP level 1. HP: 16/16 MP: 3/3
    63 | D:1      | You fall through a shaft!
    70 | D:2      | Found a hide-covered altar of Uskayaw.
   130 | D:1      | Reached XP level 2. HP: 21/24 MP: 0/5
   310 | D:1      | Reached skill level 1 in Conjurations
   310 | D:1      | Reached XP level 3. HP: 31/31 MP: 2/7
   897 | D:2      | Noticed Robin
   919 | D:2      | HP: 1/31 [something (3)]
   944 | D:2      | Slain by Robin

Skill      XL: |  1  2 |
---------------+-------+-----
Fire Magic     | 3 |  3.4
Spellcasting   | 3 |  3.1
Conjurations   | 1 |  1.0
Dodging        | |  1.9
Stealth        | |  1.6

Action                   || total
-------------------------++-------
Melee: Dagger            ||    26
 Cast: Flame Tongue      ||    45
  Use: Scroll            ||     2
Armor: Robe              ||     6
Dodge: Dodged            ||    34
